 Dungeon Crawl Stone Soup version 0.31-a0-844-gdc52ec4e09 (webtiles) character file.

Game seed: 12301177485497903754

117 javelincjr the Changeling (level 4, 0/33 HPs)
             Began as a Demonspawn Shapeshifter on Sept 29, 2023.
             Slain by an orc priest
             ... wielding a +0 dagger
              (2 damage)
             ... on level 3 of the Dungeon.
             The game lasted 00:05:20 (2086 turns).

javelincjr the Changeling (Demonspawn Shapeshifter) Turns: 2086, Time: 00:05:21

Health: 0/33       AC:  3    Str: 16    XL:     4   Next: 71%
Magic:  4/4        EV: 12    Int: 11    God:
Gold:   100        SH:  0    Dex: 13    Spells: 3/3 levels left

rFire   . .          .
                       - Unarmed
rCold   . . .        (no shield)
rNeg    . . .        a - +0 animal skin
rPois   .            (helmet currently unavailable)
rElec   .            (cloak currently unavailable)
rCorr   .            (gloves currently unavailable)
SInv    .            (boots currently unavailable)
Will    +....        f - amulet of magic regeneration
Stlth   +            m - ring of willpower
HPRegen 0.25/turn    (no ring)
MPRegen 0.49/turn

%: no passive effects
@: beast-form
A: beast (slay +2), rugged brown scales 1
a: Begin Untransformation


You were on level 3 of the Dungeon.
You were a hulking beast.
You visited 1 branch of the dungeon, and saw 3 of its levels.

You collected 100 gold pieces.

Inventory:

Missiles
 g - 2 throwing nets
Armour
 a - a +0 animal skin (worn)
Jewellery
 f - an amulet of magic regeneration (around neck)
 m - a ring of willpower (left hand)
Talismans
 c - a beast talisman (active)
 d - a flux talisman
 e - a blade talisman
Scrolls
 i - a scroll of enchant armour {unknown}
 j - a scroll of teleportation {unknown}
 k - a scroll of noise {unknown}
 l - a scroll of immolation {unknown}
 n - a scroll of enchant weapon {unknown}
 o - a scroll of revelation {unknown}
 q - a scroll of fear {unknown}
 r - a scroll of summoning {unknown}
Potions
 b - a potion of lignification
 h - 3 potions of curing {unknown}
 p - a potion of invisibility {unknown}


   Skills:
 + Level 2.2 Fighting
 + Level 2.5 Dodging
 + Level 3.2 Unarmed Combat
 * Level 3.6 Shapeshifting


You had 3 spell levels left.
You didn't know any spells.
Your spell library contained the following spells:

 Spells                   Type           Power      Damage    Failure   Level
 Poisonous Vapours        Pois/Air       0%         N/A       47%         2
 Mephitic Cloud           Conj/Pois/Air  0%         N/A       71%         3
 Manifold Assault         Tloc           0%         N/A       98%         4
 Freezing Cloud           Conj/Ice/Air   0%         6-21      100%        5
 Dispersal                Tloc           0%         N/A       100%        6
 Disjunction              Tloc           0%         N/A       100%        8


Dungeon Overview and Level Annotations

Branches:
Dungeon (3/15)

Altars:
Gozag


Innate Abilities, Weirdness & Mutations

You are a hulking beast.
Your limbs bulge with bestial killing power. (Slay +2)
You are partially covered in rugged brown scales. (AC +1, +3% HP)


Message History

The hobgoblin is heavily wounded.
The hobgoblin hits you.
You hit the hobgoblin.
You kill the hobgoblin!
No target in view!
No target in view!
Things that are here:
a +0 dagger; 2 stones; a kobold corpse You see here a dart slug corpse.
You open the door. 2 orc priests and an orc come into view.
The orc is wielding a +3 dagger of pain.
The orc priest shouts!
The orc priest looks encouraged for a moment.
Found 37 gold pieces.
Found a roughly hewn altar of Beogh.
You close the door.
An orc priest opens the door.
The orc priest hits you with a +0 dagger.
The orc misses you.
There is an open door here.
The orc priest shouts!
You hit the orc priest.
The orc priest is lightly wounded.
The orc priest hits you with a +0 dagger.
The orc hits you with a +3 dagger of pain.
You hit the orc priest but do no damage.
The orc priest is lightly wounded.
The orc barely misses you.
The orc priest mumbles some strange prayers to Beogh against you.
Beogh smites you! The orc priest barely misses you.
You hit the orc priest but do no damage.
The orc priest is lightly wounded.
The orc closely misses you. The orc priest hits you with a +0 club.
The orc priest calls down the wrath of Beogh upon you.
Beogh smites you!
* * * LOW HITPOINT WARNING * * *
You hit the orc priest but do no damage.
The orc priest is lightly wounded.
The orc priest hits you with a +0 dagger.
You die...

## .####.######### #.[.##
.................# #....# #.
#..#............# #....# #
.$#..#............###...#####
.. .#....................###..#
... ..........#####.....###....
#...#.###.#.#.#####.###.##.....
# .........)†..................
#...#..##.#.##h##.#.#####......
..........###ooo###.# #.##†..
..).......##.8.8.#....###.##..#
.<#.......##$.$.$#........##..#
...........#.8.8.#.......>....#
.......#.####._.##...####.###.#
.##..###.# #####.......#.# #.#
#.. #.# #..%.....#.# #.# #..
#.# .##........#.###.#


You could see 2 orc priests and an orc.

Vanquished Creatures
  2 adders
  2 gnolls (D:1)
  A worm (D:2)
  3 dart slugs
  5 bats
  8 endoplasms
  3 giant cockroaches
  3 goblins
  5 hobgoblins
  12 jackals
  4 quokkas
  3 ball pythons
  4 frilled lizards
  6 kobolds
  3 rats (D:1)
64 creatures vanquished.

Notes
Turn   | Place    | Note
-------+----------+-------------------------------------------
     0 | D:1      | javelincjr the Demonspawn Shapeshifter began the quest for
                  | the Orb.
     0 | D:1      | Reached XP level 1. HP: 15/15 MP: 1/1
   160 | D:1      | Gained mutation: You are partially covered in rugged brown
                  | scales. (AC +1, +3% HP) [demonic ancestry]
   160 | D:1      | Reached XP level 2. HP: 15/21 MP: 2/2
   361 | D:1      | Reached XP level 3. HP: 7/26 MP: 3/3
  1228 | D:2      | Reached XP level 4. HP: 15/33 MP: 4/4
  1932 | D:3      | Found an opulent altar of Gozag.
  2086 | D:3      | Slain by an orc priest

Illustrated notes

Levels and vault maps discovered:
D:1:      psy_arrival_radial01, layout_basic
D:2:      layout_rooms
D:3:      layout_basic, mainiacjoe_overflow_chevrons,
          mainiacjoe_overflow_small_starburst, minivault_19,
          kennysheep_orc_chapel, uniq_ijyb

Skill      XL: |  1  2  3  4 |
---------------+-------------+-----
Dodging        | 2 |  2.5
Shapeshifting  | 3 |  3.6
Unarmed Combat | 3 |  3.2
Fighting       | 2 |  2.2

Action                     |  1- 3 |  4- 6 || total
---------------------------+-------+-------++-------
  Melee: Unarmed           |    91 |   102 ||   193
         Punch             |     2 |     3 ||     5
    Use: Scroll            |     1 |       ||     1
 Armour: Animal skin       |    33 |    65 ||    98
  Dodge: Dodged            |    45 |    81 ||   126

Table legend: (Time is in decaauts)
 A = Elapsed time spent in this place.
 B = Non-inter-level travel time spent in this place.
 C = Inter-level travel time spent in this place.
 D = Time resting spent in this place.
 E = Time spent auto-exploring this place.
 F = Levels seen in this place.
 G = Mean time per level.
                   A        B        C        D        E       F      G
               +--------+--------+--------+--------+--------+-----+--------+
         Total |   2073 |   2007 |     66 |    241 |   1367 |   3 |  691.0 |
       Dungeon |   2073 |   2007 |     66 |    241 |   1367 |   3 |  691.0 |
               +--------+--------+--------+--------+--------+-----+--------+

Top non-repeatable levels by time:
     D:1: 1033 daAuts
     D:2: 867 daAuts
     D:3: 173 daAuts
